AoeStats
← bayon

Arabia

510402642Analyzed
1v1 RM · 21h ago on Sep 30, 2026· 40m 50s· 2 players
Game mode
Random Map
Map size
Tiny (2 player)
Population
200
Speed
Normal
Resources
Standard
Victory
Conquest
Starting age
Dark Age
Ending age
Imperial Age
RankedLock teamsTeams togetherTeam positionsShared explorationLock speedFull tech treeHidden civsTurbo modeCheats
Victory
Defeat
🇧🇷 Malians · Brazil
869
+16
🇵🇹 Mongols · Portugal
875
-16
andersonmauro_01
12:40 Feudal Age
13:20 Horse Collar
14:47 Wheelbarrow
16:34 Double-Bit Axe
18:04 Loom
19:24 Forging
21:09 Fletching
21:39 Padded Archer Armor
26:18 Castle Age
25:01 Scale Mail Armor
26:46 Gold Mining
26:55 Crossbowman
27:48 Thumb Ring
27:57 Bodkin Arrow
28:18 Leather Archer Armor
28:33 Ballistics
27:57 Elite Skirmisher
30:22 Bow Saw
33:00 Iron Casting
36:34 Imperial Age
35:21 Hand Cart
35:11 Pikeman
40:45 Chain Mail Armor
41:00 Ring Archer Armor
bayon
7:35 Loom
9:22 Feudal Age
7:38 Loom
10:12 Man-at-Arms
12:22 Horse Collar
18:06 Scale Barding Armor
20:49 Fletching
20:59 Padded Archer Armor
21:59 Wheelbarrow
24:28 Castle Age
24:23 Double-Bit Axe
25:38 Gold Mining
26:00 Husbandry
25:37 Crossbowman
26:44 Arson
26:59 Squires
28:08 Wheelbarrow
27:49 Heavy Plow
28:02 Bow Saw
27:44 Long Swordsman
29:03 Elite Skirmisher
29:42 Light Cavalry
31:37 Bloodlines
33:50 Hand Cart
37:36 Bodkin Arrow
37:57 Leather Archer Armor
38:26 Chain Barding Armor
Connection lost

Rejoining the realm…

Still unreachable

The connection could not be restored.

Session expired

The server has moved on; the page needs a fresh start.